 Dungeon Crawl Stone Soup version 0.29-a0-909-g30c7767f5c (webtiles) character file.

Game seed: 17715434055675091831

67 Garessta the Cutter (level 3, 0/30 HPs)
             Began as a Demigod Gladiator on July 25, 2022.
             Succumbed to an adder's poison
             ... on level 2 of the Dungeon.
             The game lasted 00:02:46 (2126 turns).

Garessta the Cutter (Demigod Gladiator)             Turns: 2126, Time: 00:02:47

Health: 0/30       AC:  4    Str: 15    XL:     3   Next: 70%
Magic:  5/5        EV: 13    Int: 10    God:
Gold:   69         SH:  0    Dex: 19    Spells: 2/2 levels left

rFire   . . .      SeeInvis .   j - +0 short sword (vamp)
rCold   . . .      Faith    .   (no shield)
rNeg    . . .      Spirit   .   b - +0 leather armour
rPois   .          Reflect  .   c - +0 helmet
rElec   .          Harm     .   (no cloak)
rCorr   .          Rampage  .   (no gloves)
Will    .....                   (no boots)
Stlth   +.........              (no amulet)
HPRegen 0.10/turn               (no ring)
MPRegen 0.09/turn               (no ring)

@: mighty, lethally poisoned (0 -> -1), hasted, very quick
A: high MP 1, forlorn, divine attributes
a: no special abilities


You were on level 2 of the Dungeon.
You visited 1 branch of the dungeon, and saw 2 of its levels.

You collected 69 gold pieces.

Inventory:

Hand Weapons
 a - a +0 rapier
 j - a +0 vampiric short sword (weapon)
Missiles
 d - 3 throwing nets (quivered)
 e - a javelin
Armour
 b - a +0 leather armour (worn)
 c - a +0 helmet (worn)
Wands
 p - a wand of polymorph (10)
Scrolls
 f - 3 scrolls of torment {unknown}
 g - a scroll of silence {unknown}
 i - a scroll of enchant weapon {unknown}
 k - a scroll of identify {unknown}
 l - a scroll of noise {unknown}
 n - a scroll of enchant armour {unknown}
 o - 3 scrolls of blinking {unknown}
 q - a scroll of summoning {unknown}


   Skills:
 + Level 2.6 Fighting
 + Level 3.3 Short Blades
 - Level 1.7 Throwing
 + Level 3.3 Dodging


You had 2 spell levels left.
You didn't know any spells.
Your spell library contained the following spells:

 Spells                   Type           Power      Damage    Failure   Level
 Corpse Rot               Necr/Pois/Air  0%         N/A       99%         4
 Dispel Undead            Necr           0%         3d6       99%         4
 Death Channel            Necr           0%         N/A       100%        6


Dungeon Overview and Level Annotations

Branches:
Dungeon (2/15)


Innate Abilities, Weirdness & Mutations

You have an increased reservoir of magic. (+10% MP)
You shall have no god before yourself.
Your divine heritage dramatically boosts your attributes as you level up.


Message History

You feel sick. The adder bites you.
You barely miss the adder.
The adder is moderately wounded.
You feel sick. The adder bites you.
* * * LOW HITPOINT WARNING * * *
You closely miss the adder.
The adder is moderately wounded.
You feel sick. The adder misses you.
You hit the adder.
The adder is severely wounded.
You feel sick.
You are no longer poisoned.
The adder bites you.
* * * LOW HITPOINT WARNING * * *
You are lethally poisoned!
The adder poisons you!
It was a potion of might.
You feel very mighty all of a sudden.
* * * LOW HITPOINT WARNING * * *
You feel sick. The adder bites you.
* * * LOW HITPOINT WARNING * * *
It was a potion of haste.
You feel yourself speed up.
* * * LOW HITPOINT WARNING * * *
You feel sick. The adder closely misses you. The adder barely misses you.
You miss the adder.
The adder is severely wounded.
* * * LOW HITPOINT WARNING * * *
You feel sick.
You puncture the adder!
You feel better.
You kill the adder!
You closely miss the frilled lizard.
* * * LOW HITPOINT WARNING * * *
You feel sick.
You closely miss the frilled lizard. The frilled lizard misses you.
You completely miss the frilled lizard.
* * * LOW HITPOINT WARNING * * *
You feel sick.
You puncture the frilled lizard!
You kill the frilled lizard!
You die...

###### ......#
#....##
#....##### .
#..).†@..# ..
#[....###.#
#.....##..##.#
#... ##..#.#
.#.. #....#
#.##..###.##.#
..........##.#
#.####.#.#...#
..##...#.###


There were no monsters in sight!

Vanquished Creatures
  2 adders (D:2)
  2 worms (D:2)
  A dart slug (D:1)
  5 endoplasms
  6 goblins
  4 hobgoblins
  3 jackals (D:2)
  2 kobolds
  3 quokkas (D:2)
  2 ball pythons
  3 bats
  2 frilled lizards (D:2)
  4 rats
39 creatures vanquished.

Notes
Turn   | Place    | Note
-------+----------+-------------------------------------------
     0 | D:1      | Garessta the Demigod Gladiator began the quest for the Orb.
     0 | D:1      | Reached XP level 1. HP: 17/17 MP: 3/3
   573 | D:1      | Reached XP level 2. HP: 24/24 MP: 4/4
  1846 | D:2      | Reached XP level 3. HP: 27/30 MP: 5/5
  2121 | D:2      | HP: 1/30 [poisoned by an adder]
  2126 | D:2      | Succumbed to an adder's poison

Illustrated notes

Levels and vault maps discovered:
D:1:      lightli_arrival_chessboard, layout_loops_corners,
          shapermc_ecumenical_altar_notcrosses
D:2:      layout_loops_ring, basic_altar, minmay_bisected

Skill      XL: |  1  2 |
---------------+-------+-----
Fighting       | 2 |  2.6
Short Blades   | 3 |  3.3
Dodging        | 3 |  3.3
Throwing       | |  1.7

Action                   || total
-------------------------++-------
Melee: Short sword       ||   207
       Punch             ||     3
  Use: Potion            ||     2
 Stab: Sleeping          ||     5
Armor: Leather armour    ||    39
Dodge: Dodged            ||    98

Table legend: (Time is in decaauts)
 A = Elapsed time spent in this place.
 B = Non-inter-level travel time spent in this place.
 C = Inter-level travel time spent in this place.
 D = Time resting spent in this place.
 E = Time spent auto-exploring this place.
 F = Levels seen in this place.
 G = Mean time per level.
                   A        B        C        D        E       F      G
               +--------+--------+--------+--------+--------+-----+--------+
         Total |   2113 |   2071 |     42 |      0 |   1709 |   2 | 1056.5 |
       Dungeon |   2113 |   2071 |     42 |      0 |   1709 |   2 | 1056.5 |
               +--------+--------+--------+--------+--------+-----+--------+

Top non-repeatable levels by time:
     D:1: 1282 daAuts
     D:2: 830 daAuts
